 Dungeon Crawl Stone Soup version 0.18-b1-14-g029dad2 (webtiles) character file.

110 hannobal the Sneak (level 4, -2/39 HPs)
             Began as a Naga Assassin on Apr 30, 2016.
             Slain by a kobold
             ... wielding a +0 dagger
              (6 damage)
             ... on level 2 of the Dungeon.
             The game lasted 00:09:57 (3085 turns).

hannobal the Sneak (Naga Assassin)                  Turns: 3085, Time: 00:09:57

Health: -2/39      AC:  4    Str: 17 (19) XL:     4   Next: 91%
Magic:  4/4        EV: 10    Int: 13 (14) God:
Gold:   96         SH:  0    Dex: 11 (13) Spells: 0 memorised, 3 levels left

rFire  . . .     SeeInvis +     a - +0 war axe
rCold  . . .     Gourm    .     p - +0 robe (curse)
rNeg   . . .     Faith    .     (no shield)
rPois  +         Spirit   .     r - +0 helmet
rElec  .         Dismiss  .     d - +0 cloak
rCorr  .         Reflect  .     (no gloves)
SustAt .         Harm     .     (no barding)
MR     .....                    (no amulet)
Stlth  +++.......               y - ring of flight
                                j - +3 ring of intelligence

@: mighty, very slow, not resistant to hostile enchantments, fairly stealthy
A: see invisible, deformed body, poison resistance, slowness 2, slow metabolism
1, spit poison 2, AC +1
a: Spit Poison, Evoke Flight


You were on level 2 of the Dungeon.
You were not hungry.

You visited 1 branch of the dungeon, and saw 2 of its levels.

You collected 96 gold pieces.

Inventory:

Hand Weapons
 a - a +0 war axe (weapon)
 b - a +0 hunting sling
 g - a +1 blowgun
 v - a +2 dagger
 z - a +0 whip
Missiles
 e - 30 poisoned needles
 h - 2 curare-tipped needles
 l - 15 sling bullets
 q - 35 stones (quivered)
 t - 34 arrows
 w - 88 bolts
Armour
 c - a +0 robe
 d - a +0 cloak (worn)
 i - a +0 ring mail
 p - a cursed +0 robe (worn)
 r - a +0 helmet (worn)
 x - a +0 leather armour
Jewellery
 j - a +3 ring of intelligence (left hand)
 y - a ring of flight (right hand)
Scrolls
 f - a scroll of teleportation
 s - a scroll of identify
 B - a scroll of blinking
Comestibles
 k - 3 bread rations
 n - 2 meat rations
 o - a royal jelly
 u - 3 fruits


   Skills:
 - Level 2.0 Fighting
 - Level 2.0 Short Blades
 + Level 2.0 Axes
 - Level 3.1 Throwing
 - Level 2.0 Dodging
 - Level 6.0 Stealth


You had 3 spell levels left.
You didn't know any spells.

Dungeon Overview and Level Annotations

Branches:
Dungeon (2/15)

Altars:
Ru


Innate Abilities, Weirdness & Mutations

You cannot wear boots.
Your serpentine skin is tough (AC +1).
You have supernaturally acute eyesight.
Armour fits poorly on your strangely shaped body.
Your system is resistant to poisons.
You cover ground very slowly.
You have a slow metabolism.
You can spit poison.


Message History

You are too injured to fight recklessly!
You miss the kobold. x2; The kobold hits you.
The kobold hits you with a dagger.
You closely miss the kobold. You hit the kobold but do no damage.
The kobold hits you but does no damage. The kobold hits you with a dagger.
The kobold hits you but does no damage. The kobold hits you with a dagger.
* * * LOW HITPOINT WARNING * * *
You closely miss the kobold. You hit the kobold but do no damage.
The kobold hits you.
* * * LOW HITPOINT WARNING * * *
The kobold hits you with a dagger.
* * * LOW HITPOINT WARNING * * *
Drink which item? (? for menu, Esc to quit)
You feel very mighty all of a sudden. The kobold hits you.
* * * LOW HITPOINT WARNING * * *
The kobold hits you with a dagger.
* * * LOW HITPOINT WARNING * * *
You miss the kobold. You closely miss the kobold.
The kobold closely misses you. The kobold hits you with a dagger.
You die...

#......##.# (. #......##.. ..#
#......###. #.#######......# #.
##########(#.........#######
#........(.#.........##...##
#..........#.........##...#.
#.........K#.........##...#.
#.........K@.........##...#.
######............###.....##...#.
#.................# #.....##.....
#.................###.....##.....
#........###..............####...
#........# ####.....[.....# #...
#........######...........# #...
#.........................# #...
#######.......#.....รท).#### #...


You could see 2 kobolds.

Vanquished Creatures
  A gnoll (D:1)
  5 adders (D:2)
  An ooze (D:2)
  A worm (D:2)
  A dart slug (D:1)
  2 giant geckos (D:1)
  2 ball pythons
  2 giant cockroaches (D:1)
  6 goblins
  3 hobgoblins (D:1)
  6 jackals
  4 kobolds
  3 bats
  A giant newt (D:1)
  9 rats
47 creatures vanquished.

Notes
Turn   | Place    | Note
--------------------------------------------------------------
     0 | D:1      | hannobal the Naga Assassin began the quest for the Orb.
     0 | D:1      | Reached XP level 1. HP: 19/19 MP: 1/1
    92 | D:1      | Reached skill level 6 in Stealth
   120 | D:1      | Reached skill level 1 in Dodging
   281 | D:1      | Reached XP level 2. HP: 26/26 MP: 2/2
   705 | D:1      | Reached XP level 3. HP: 24/32 MP: 3/3
  1621 | D:2      | Found a sacrificial altar of Ru.
  2115 | D:2      | Reached XP level 4. HP: 33/39 MP: 4/4
  2251 | D:2      | Reached skill level 1 in Axes
  3085 | D:2      | Slain by a kobold

Skill      XL: |  1  2  3  4 |
---------------+-------------+-----
Stealth        | 6 |  6.0
Throwing       | 2 3 |  3.1
Dodging        | 1 2 |  2.0
Axes           | 2 |  2.0
Fighting       | |  2.0
Short Blades   | |  2.0

Action                   |  1- 3 |  4- 6 || total
-------------------------+-------+-------++-------
Melee: Dagger            |    63 |       ||    63
       War axe           |     1 |    51 ||    52
 Fire: Blowgun           |    44 |       ||    44
       Hunting sling     |    38 |    29 ||    67
Throw: Stone             |     5 |       ||     5
  Use: Potion            |     3 |     3 ||     6
       Scroll            |     4 |     2 ||     6
 Stab: Sleeping          |     1 |       ||     1
  Eat: Chunk             |     2 |     3 ||     5
Armor: Robe              |    10 |    25 ||    35
       Ring mail         |    16 |       ||    16
       Skin              |     4 |     2 ||     6
Dodge: Dodged            |    51 |    32 ||    83
